 Dungeon Crawl Stone Soup version 0.30-a0-1018-g25214051b3 (webtiles) character file.

Game seed: 4237755174985408587

102 PimpSugar the Magician (level 5, -1/37 HPs)
             Began as a Djinni Hedge Wizard on Apr 7, 2023.
             Killed from afar by Natasha (9 damage)
             ... with a bolt of light
             ... on level 2 of the Dungeon.
             The game lasted 00:08:02 (1910 turns).

PimpSugar the Magician (Djinni Hedge Wizard)        Turns: 1910, Time: 00:08:03

Health: -1/37      AC:  2    Str:  9    XL:     5   Next: 5%
Gold:   104        EV: 12    Int: 17    God:
                   SH:  0    Dex: 13

rFire   + + .      SeeInvis .    g - +2 dagger (venom)
rCold   x . .      Faith    .    (no shield)
rNeg    + . .      Spirit   .    b - +0 robe
rPois   ∞          Reflect  .    c - +0 hat
rElec   .          Rampage  .    (no cloak)
rCorr   .                        (no gloves)
Will    .....                    (boots unavailable)
Stlth   ++                       (no amulet)
HPRegen 0.26/turn                j - ring of positive energy
MPRegen 0.00/turn                (no ring)

@: flying
A: sickness immunity, fire resistance 2, cold vulnerability 1, float, innate
caster, HP casting, extra vitality 1
a: no special abilities


You were on level 2 of the Dungeon.
You visited 1 branch of the dungeon, and saw 2 of its levels.

You collected 104 gold pieces.

Inventory:

Hand Weapons
 a - a +0 dagger
 g - a +2 dagger of venom (weapon)
Missiles
 e - 39 stones
 m - 2 poisoned darts
Armour
 b - a +0 robe (worn)
 c - a +0 hat (worn)
Jewellery
 j - a ring of positive energy (left hand)
Scrolls
 d - a scroll of magic mapping {unknown}
 h - a scroll of enchant armour {unknown}
 i - a scroll of enchant weapon {unknown}
 k - a scroll of teleportation {unknown}
 l - a scroll of blinking {unknown}
Potions
 f - a potion of flight {unknown}
 n - a potion of brilliance {unknown}


   Skills:
 + Level 1.5 Fighting
 + Level 3.0 Dodging
 + Level 2.3 Stealth
 * Level 3.2 Spellcasting


You knew the following spells:

 Your Spells              Type           Power      Damage    Failure   Level
a - Magic Dart            Conj           52%        1d5       4%          1
b - Call Imp              Summ           26%        N/A       7%          2
c - Mephitic Cloud        Conj/Pois/Air  13%        N/A       14%         3
d - Slow                  Hex            52%        N/A       4%          1
e - Blink                 Tloc           26%        N/A       7%          2
f - Apportation           Tloc           26%        N/A       4%          1
g - Static Discharge      Conj/Air       26%        2-4/arc   7%          2
Your spell library was empty.

Dungeon Overview and Level Annotations

Branches:
Dungeon (2/15)

Altars:

Annotations:
D:2 Jessica, Natasha


Innate Abilities, Weirdness & Mutations

You are immune to sickness and miasma.
You are immune to poison.
Your flesh is very heat resistant. (rF++)
You are vulnerable to cold. (rC-)
You float through the air rather than walking.
You learn spells naturally, not from books.
Your magical power is your life essence.
You have superior vitality. (+4 MHP)


Message History

You hit the dart slug.
You kill the dart slug!
i - a scroll labelled BETUT GUZXUROMM You see here a jackal corpse.
A rat comes into view.
You see here 18 gold pieces.
Casting: Static Discharge (safe; 7% risk of failure)
Confirm with . or Enter, or press ? or * to list all spells.
Aiming: Magic Dart (safe; 4% risk of failure)
Press: ? - help, Shift-Dir - straight line, f - Natasha
Aim: Natasha, carrying a wand of light (6) (wandering, hasn't noticed you, 100% to hit)
The magic dart hits Natasha but does no damage.
Natasha hisses angrily.
Casting: Magic Dart (safe; 4% risk of failure)
Confirm with . or Enter, or press ? or * to list all spells.
Aiming: Slow (safe; 4% risk of failure)
Press: ? - help, Shift-Dir - straight line, f/p - Natasha
Aim: Natasha, carrying a wand of light (6) (chance to affect: 47%) Natasha seems to slow down.
Natasha zaps a wand.
The bolt of light hits you!!
Ouch! That really hurt!
* * * LOW HITPOINT WARNING * * *
Casting: Slow (safe; 4% risk of failure)
Confirm with . or Enter, or press ? or * to list all spells.
Aiming: Slow (safe; 4% risk of failure)
Press: ? - help, Shift-Dir - straight line, f/p - Natasha
Aim: Natasha, carrying a wand of light (5) (slow, chance to affect: 47%)
Okay, then.
Casting: Slow (safe; 4% risk of failure)
Confirm with . or Enter, or press ? or * to list all spells.
The spell is quite dangerous to miscast (14% risk of failure)!
Continue anyway?
Aiming: Mephitic Cloud (quite dangerous; 14% risk of failure)
Press: ? - help, Shift-Dir - straight line, f/p - Natasha
Aim: Natasha, carrying a wand of light (5) (slow, chance to affect: 86%)
The ball explodes into a vile cloud!
The stinking cloud engulfs Natasha but does no damage.
* * * LOW HITPOINT WARNING * * *
You hear a shout!
Natasha is engulfed in noxious fumes.
Natasha zaps a wand.
The bolt of light hits you!
You die...

.................. .....
......♣.♣####>...
......#................#
.........r..............
.......#.#....#....##†##
............#...#####..#
.....♣.♣.##÷#.......##)#
...♣.....♣#.#.#####.#..#
.......@$.............##
..♣.......♣....####.....
.....○..†....### ######
..♣.○h....♣###
.....○○..)# ...♣.....♣#
.....♣.♣## #######


You could see Natasha (slow) and a rat (wandering).

Vanquished Creatures
  An adder (D:2)
  4 dart slugs
  5 ball pythons
  A bat (D:1)
  An endoplasm (D:1)
  2 giant cockroaches (D:2)
  5 goblins
  4 hobgoblins (D:1)
  2 jackals (D:2)
  2 quokkas (D:2)
  4 frilled lizards
  4 kobolds
  6 rats
41 creatures vanquished.

Vanquished Creatures (collateral kills)
  Natasha (D:2)
  A worm (D:2)
  2 ball pythons (D:1)
  2 bats (D:1)
  2 endoplasms
  4 jackals
  A frilled lizard (D:1)
  A rat (D:1)
14 creatures vanquished.

Vanquished Creatures (others)
  2 fungi (D:1)
  2 plants (D:2)
4 creatures vanquished.

Grand Total: 59 creatures vanquished

Notes
Turn   | Place    | Note
-------+----------+-------------------------------------------
     0 | D:1      | PimpSugar the Djinni Hedge Wizard began the quest for the
                  | Orb.
     0 | D:1      | PimpSugar set off with the following spells memorised:
                  | Magic Dart, Slow, Blink, Call Imp, Mephitic Cloud.
     0 | D:1      | Reached XP level 1. HP: 15/15 MP: 0/0
   137 | D:1      | Reached XP level 2. HP: 8/22 MP: 0/0
   456 | D:1      | Reached XP level 3. HP: 25/26 MP: 0/0
   456 | D:1      | Learned a level 1 spell: Apportation
   620 | D:1      | Reached skill level 1 in Fighting
  1477 | D:2      | Reached XP level 4. HP: 21/32 MP: 0/0
  1490 | D:2      | Noticed Natasha
  1497 | D:2      | Killed Natasha
  1511 | D:2      | Noticed Natasha
  1683 | D:2      | Noticed Jessica
  1713 | D:2      | HP: 1/32 [giant cockroach (2)]
  1752 | D:2      | Reached XP level 5. HP: 8/37 MP: 0/0
  1752 | D:2      | Learned a level 2 spell: Static Discharge
  1910 | D:2      | Killed from afar by Natasha

Illustrated notes

Levels and vault maps discovered:
D:1:      dpeg_cavernosity, layout_basic, serial_glass, glass_columns_a,
          glass_columns_a, minmay_domino_2
D:2:      layout_rooms, hellmonk_ecumenical_altar_zigzags, serial_forest,
          infiniplex_forest_lined_ring, infiniplex_forest_lined_corner,
          infiniplex_forest_zigzag_1, infiniplex_forest_straight_4,
          infiniplex_forest_clump_tiny, infiniplex_forest_clump_diagonal,
          infiniplex_forest_end_1, uniq_jessica, uniq_natasha

Skill      XL: |  1  2  3  4 |
---------------+-------------+-----
Stealth        | 2 |  2.3
Fighting       | 1 |  1.5
Spellcasting   | 3 |  3.2
Dodging        | 3 |  3.0

Action                     |  1- 3 |  4- 6 || total
---------------------------+-------+-------++-------
  Melee: Dagger            |   117 |    36 ||   153
         Punch             |     1 |       ||     1
   Cast: Magic Dart        |    23 |     8 ||    31
         Slow              |     4 |     3 ||     7
         Call Imp          |     6 |     2 ||     8
         Mephitic Cloud    |       |     4 ||     4
         Static Discharge  |       |     1 ||     1
    Use: Potion            |     2 |     2 ||     4
         Scroll            |     2 |       ||     2
   Stab: Sleeping          |     3 |       ||     3
 Armour: Robe              |    29 |    10 ||    39
  Dodge: Dodged            |    88 |    34 ||   122

Table legend: (Time is in decaauts)
 A = Elapsed time spent in this place.
 B = Non-inter-level travel time spent in this place.
 C = Inter-level travel time spent in this place.
 D = Time resting spent in this place.
 E = Time spent auto-exploring this place.
 F = Levels seen in this place.
 G = Mean time per level.
                   A        B        C        D        E       F      G
               +--------+--------+--------+--------+--------+-----+--------+
         Total |   1927 |   1661 |    266 |    299 |    720 |   2 |  963.5 |
       Dungeon |   1927 |   1661 |    266 |    299 |    720 |   2 |  963.5 |
               +--------+--------+--------+--------+--------+-----+--------+

Top non-repeatable levels by time:
     D:1: 1469 daAuts
     D:2: 458 daAuts
